MAA
SEATTLE TERNS @ PORTSMOUTH COASTIES
08/04/2018
 
TOP OF THE 1ST
Seattle Terns batting - Pitching for Portsmouth Coasties : RHP Jesús López
Pitching: RHP Jesús López
Batting: LHB Fred Cobb 0-0: Ball
1-0: Foul Ball, location: 2F
1-1: Ball
2-1: Called Strike
2-2: Ball
3-2: Foul Ball, location: 2F
3-2: Strikes out swinging
Batting: RHB Dustin O'Quinlevan 0-0: Ball
1-0: Ball
2-0: Ball
3-0: Called Strike
3-1: Base on Balls
Batting: LHB Timmy Appeldoorn 0-0: Ball
Dustin O'Quinlevan is caught stealing 2nd base
1-0: Called Strike
1-1: Foul Ball, location: 2F
1-2: Ball
2-2: Strikes out swinging
Top of the 1st over - 0 run(s), 0 hit(s), 0 error(s), 0 left on base; Seattle 0 - Portsmouth 0
BOTTOM OF THE 1ST
Portsmouth Coasties batting - Pitching for Seattle Terns : LHP Frank Simmons
Pitching: LHP Frank Simmons
Batting: RHB José Masaferro 0-0: Ball
1-0: Ball
2-0: SINGLE (Line Drive, 56)
Batting: RHB Pablo Lugo 0-0: Foul Ball, location: 2F
0-1: Swinging Strike
0-2: Ball
1-2: Grounds into double play, 5-4-3 (Groundball, 56)
Batting: RHB Seth Varela 0-0: Called Strike
0-1: Foul Ball, location: 2F
0-2: Ball
1-2: Ground out 5-3 (Groundball, 5)
Bottom of the 1st over - 0 run(s), 1 hit(s), 0 error(s), 0 left on base; Seattle 0 - Portsmouth 0
TOP OF THE 2ND
Seattle Terns batting - Pitching for Portsmouth Coasties : RHP Jesús López
Batting: LHB Juan Hernández 0-0: Ball
1-0: Ball
2-0: Called Strike
2-1: Ground out 6-3 (Groundball, 6M)
Batting: RHB Hank Kenney 0-0: Ball
1-0: Called Strike
1-1: Called Strike
1-2: Foul Ball, location: 2F
1-2: Fly out, F7 (Line Drive, 7M)
Batting: RHB Curt Pope 0-0: Ball
1-0: Fly out, F7 (Flyball, 78M)
Top of the 2nd over - 0 run(s), 0 hit(s), 0 error(s), 0 left on base; Seattle 0 - Portsmouth 0
BOTTOM OF THE 2ND
Portsmouth Coasties batting - Pitching for Seattle Terns : LHP Frank Simmons
Batting: LHB Travis Alexander 0-0: Swinging Strike
0-1: Ball
1-1: Ball
2-1: Foul Ball, location: 2F
2-2: Ball
3-2: Foul Ball, location: 2F
3-2: SINGLE (Line Drive, 9LS)
Batting: RHB Dave Davis 0-0: Ball
1-0: Ball
2-0: Ball
3-0: Foul Ball, location: 2F
3-1: SINGLE (Groundball, 56)
Travis Alexander to second
Batting: LHB Tom McCain 0-0: Fly out, F6 (Line Drive, 6M)
Batting: RHB Ángel López 0-0: Fly out, F8 (Flyball, 8RM)
Batting: RHB Juan Jose Díaz 0-0: Ball
1-0: Ground out 5-3 (Groundball, 56)
Bottom of the 2nd over - 0 run(s), 2 hit(s), 0 error(s), 2 left on base; Seattle 0 - Portsmouth 0
TOP OF THE 3RD
Seattle Terns batting - Pitching for Portsmouth Coasties : RHP Jesús López
Batting: RHB David Ramírez 0-0: Ball
1-0: DOUBLE (Flyball, 7LS)
Batting: RHB Don McCord 0-0: Ball
1-0: Ball
2-0: SINGLE (Line Drive, 4M)
David Ramírez to third
Runner from 3rd tries for Home, SAFE, throw made home
Don McCord to second
Batting: LHB Wilson Horton 0-0: Ground out 6-3 (Groundball, 6)
Don McCord to third
Batting: LHB Fred Cobb 0-0: Foul Ball, location: 2F
0-1: Ball
1-1: Ground out U3 (Groundball, 3)
Batting: RHB Dustin O'Quinlevan 0-0: Foul Ball, location: 2F
0-1: Ball
1-1: Ball
2-1: Foul Ball, location: 2F
2-2: Strikes out swinging
Top of the 3rd over - 1 run(s), 2 hit(s), 0 error(s), 1 left on base; Seattle 1 - Portsmouth 0
BOTTOM OF THE 3RD
Portsmouth Coasties batting - Pitching for Seattle Terns : LHP Frank Simmons
Batting: RHB José Villegas 0-0: Ball
1-0: Ball
2-0: Ball
3-0: Base on Balls
Batting: RHB José Masaferro 0-0: Ball
1-0: Ball
2-0: Called Strike
2-1: Ball
3-1: Called Strike
3-2: Base on Balls
José Villegas to second
Batting: RHB Pablo Lugo 0-0: Called Strike
0-1: Foul Ball, location: 2F
0-2: Ball
1-2: Foul Ball, location: 2F
1-2: Strikes out swinging
Batting: RHB Seth Varela 0-0: 3-RUN HOME RUN (Flyball, 7D), Distance : 367 ft
Batting: LHB Travis Alexander 0-0: Ball
1-0: Called Strike
1-1: Ball
2-1: Swinging Strike
2-2: Foul Ball, location: 2F
2-2: Ground out 4-3 (Groundball, 34)
Batting: RHB Dave Davis 0-0: Called Strike
0-1: Foul Ball, location: 2F
0-2: Foul Ball, location: 2F
0-2: Ball
1-2: Ball
2-2: Foul Ball, location: 2F
2-2: Foul Ball, location: 2F
2-2: Fly out, F5 (Line Drive, 5S)
Bottom of the 3rd over - 3 run(s), 1 hit(s), 0 error(s), 0 left on base; Seattle 1 - Portsmouth 3
TOP OF THE 4TH
Seattle Terns batting - Pitching for Portsmouth Coasties : RHP Jesús López
Batting: LHB Timmy Appeldoorn 0-0: Ball
1-0: Called Strike
1-1: Ball
2-1: Swinging Strike
2-2: Ball
3-2: Base on Balls
Batting: LHB Juan Hernández 0-0: Called Strike
0-1: Fly out, F8 (Flyball, 8LM)
Batting: RHB Hank Kenney 0-0: Called Strike
0-1: Ground out 3-1 (Groundball, 34S)
Timmy Appeldoorn to second
Batting: RHB Curt Pope 0-0: Ball
1-0: Ball
2-0: Ball
3-0: Called Strike
3-1: Base on Balls
Batting: RHB David Ramírez 0-0: Ball
1-0: Fly out, F9 (Line Drive, 89S)
Top of the 4th over - 0 run(s), 0 hit(s), 0 error(s), 2 left on base; Seattle 1 - Portsmouth 3
BOTTOM OF THE 4TH
Portsmouth Coasties batting - Pitching for Seattle Terns : LHP Frank Simmons
Batting: LHB Tom McCain 0-0: Swinging Strike
0-1: Ball
1-1: Ball
2-1: Ball
3-1: Swinging Strike
3-2: Strikes out swinging
Batting: RHB Ángel López 0-0: Ball
1-0: Foul Ball, location: 2F
1-1: Swinging Strike
1-2: Strikes out swinging
Batting: RHB Juan Jose Díaz 0-0: Ball
1-0: Swinging Strike
1-1: Ground out 6-3 (Groundball, 6M)
Bottom of the 4th over - 0 run(s), 0 hit(s), 0 error(s), 0 left on base; Seattle 1 - Portsmouth 3
TOP OF THE 5TH
Seattle Terns batting - Pitching for Portsmouth Coasties : RHP Jesús López
Batting: RHB Don McCord 0-0: Called Strike
0-1: Called Strike
0-2: Ground out U3 (Groundball, 3S)
Batting: LHB Wilson Horton 0-0: Ball
1-0: Called Strike
1-1: Foul Ball, location: 2F
1-2: Foul Ball, location: 2F
1-2: SINGLE (Flyball, 7S)
Batting: LHB Fred Cobb 0-0: Foul Ball, location: 2F
0-1: Ball
1-1: Foul Ball, location: 2F
1-2: Fly out, F9 (Flyball, 9M)
Batting: RHB Dustin O'Quinlevan 0-0: Ball
1-0: Ball
2-0: Swinging Strike
2-1: Ground out 4-3 (Groundball, 4)
Top of the 5th over - 0 run(s), 1 hit(s), 0 error(s), 1 left on base; Seattle 1 - Portsmouth 3
BOTTOM OF THE 5TH
Portsmouth Coasties batting - Pitching for Seattle Terns : LHP Frank Simmons
Batting: RHB José Villegas 0-0: Called Strike
0-1: Called Strike
0-2: Strikes out swinging
Batting: RHB José Masaferro 0-0: Ball
1-0: Called Strike
1-1: Ball
2-1: Called Strike
2-2: Ball
3-2: Fly out, F7 (Flyball, 78XD)
Batting: RHB Pablo Lugo 0-0: Called Strike
0-1: Ball
1-1: SINGLE (Groundball, 4MD)
Batting: RHB Seth Varela 0-0: Ball
1-0: Swinging Strike
1-1: Foul Ball, location: 2F
1-2: Ball
2-2: Foul Ball, location: 2F
2-2: SINGLE (Line Drive, 4D)
Pablo Lugo to second
Runner from 2nd tries for 3rd, SAFE, no throw or cutoff
Batting: LHB Travis Alexander 0-0: Foul Ball, location: 2F
0-1: Ball
1-1: Fielders Choice at 2nd, 6-4 (Groundball, 6)
Bottom of the 5th over - 0 run(s), 2 hit(s), 0 error(s), 1 left on base; Seattle 1 - Portsmouth 3
TOP OF THE 6TH
Seattle Terns batting - Pitching for Portsmouth Coasties : RHP Jesús López
Batting: LHB Timmy Appeldoorn 0-0: Ball
1-0: Foul Ball, location: 2F
1-1: Swinging Strike
1-2: Foul Ball, location: 2F
1-2: Strikes out swinging
Batting: LHB Juan Hernández 0-0: Called Strike
0-1: Fly out, F7 (Flyball, 7M)
Batting: RHB Hank Kenney 0-0: Called Strike
0-1: SINGLE (Line Drive, 6MD)
Pitching: RHP Xavier Andrade
Batting: RHB Curt Pope 0-0: Ball
1-0: Called Strike
1-1: Foul Ball, location: 2F
1-2: Ball
2-2: Foul Ball, location: 2F
2-2: Foul Ball, location: 2F
2-2: Ball
Hank Kenney is caught stealing 2nd base
Top of the 6th over - 0 run(s), 1 hit(s), 0 error(s), 0 left on base; Seattle 1 - Portsmouth 3
BOTTOM OF THE 6TH
Portsmouth Coasties batting - Pitching for Seattle Terns : LHP Frank Simmons
Batting: RHB Dave Davis 0-0: Ball
1-0: Ball
2-0: Called Strike
2-1: Fly out, F8 (Flyball, 8RM)
Batting: LHB Tom McCain 0-0: Ball
1-0: Ball
2-0: Ball
3-0: Called Strike
3-1: Base on Balls
Batting: RHB Ángel López 0-0: Swinging Strike
0-1: Foul Ball, location: 2F
0-2: Ball
1-2: Strikes out swinging
Batting: RHB Juan Jose Díaz 0-0: Foul Ball, location: 2F
0-1: Swinging Strike
0-2: SINGLE (Groundball, 5D)
Tom McCain to second
Pitching: RHP Doruk Oyan
Batting: RHB José Villegas 0-0: Ground out 4-3 (Groundball, 4)
Bottom of the 6th over - 0 run(s), 1 hit(s), 0 error(s), 2 left on base; Seattle 1 - Portsmouth 3
TOP OF THE 7TH
Seattle Terns batting - Pitching for Portsmouth Coasties : RHP Xavier Andrade
Batting: RHB Curt Pope 0-0: Called Strike
0-1: Foul Ball, location: 2F
0-2: Ball
1-2: Ball
2-2: Foul Ball, location: 2F
2-2: Fly out, F4 (Popup, 4D)
Batting: RHB David Ramírez 0-0: Called Strike
0-1: Called Strike
0-2: Strikes out looking
Batting: RHB Don McCord 0-0: Ball
1-0: Ball
2-0: Ball
3-0: Called Strike
3-1: Foul Ball, location: 2F
3-2: Ground out 1-3 (Groundball, 13)
Top of the 7th over - 0 run(s), 0 hit(s), 0 error(s), 0 left on base; Seattle 1 - Portsmouth 3
BOTTOM OF THE 7TH
Portsmouth Coasties batting - Pitching for Seattle Terns : RHP Doruk Oyan
Batting: RHB José Masaferro 0-0: Called Strike
0-1: Called Strike
0-2: Hit by Pitch
Batting: RHB Pablo Lugo 0-0: Ball
1-0: Swinging Strike
1-1: Swinging Strike
1-2: Foul Ball, location: 2F
1-2: Foul Ball, location: 2F
1-2: Strikes out swinging
Batting: RHB Seth Varela 0-0: Swinging Strike
0-1: Ball
1-1: Ball
2-1: Swinging Strike
2-2: Foul Ball, location: 2F
2-2: Ball
3-2: Strikes out looking
José Masaferro is caught stealing 2nd base
Batter strikes out.
Bottom of the 7th over - 0 run(s), 0 hit(s), 0 error(s), 0 left on base; Seattle 1 - Portsmouth 3
TOP OF THE 8TH
Seattle Terns batting - Pitching for Portsmouth Coasties : RHP Xavier Andrade
Now at SS: Lou Boone
Batting: LHB Wilson Horton 0-0: Ball
1-0: Called Strike
1-1: Ball
2-1: Ball
3-1: Called Strike
3-2: Strikes out swinging
Batting: LHB Fred Cobb 0-0: Ball
1-0: Ball
2-0: Called Strike
2-1: Ball
3-1: Foul Ball, location: 2F
3-2: Foul Ball, location: 2F
3-2: Foul Ball, location: 2F
3-2: Strikes out swinging
Batting: RHB Dustin O'Quinlevan 0-0: Foul Ball, location: 2F
0-1: Ball
1-1: Swinging Strike
1-2: Ball
2-2: Ball
3-2: Strikes out swinging
Top of the 8th over - 0 run(s), 0 hit(s), 0 error(s), 0 left on base; Seattle 1 - Portsmouth 3
BOTTOM OF THE 8TH
Portsmouth Coasties batting - Pitching for Seattle Terns : RHP Doruk Oyan
Batting: LHB Travis Alexander 0-0: Foul Ball, location: 2F
0-1: Swinging Strike
0-2: Strikes out swinging
Batting: RHB Dave Davis 0-0: Called Strike
0-1: Foul Ball, location: 2F
0-2: SINGLE (Flyball, 89S)
Batting: LHB Tom McCain 0-0: Foul Ball, location: 2F
0-1: Reached on error, E6 (Groundball, 6)
Dave Davis to third
Pinch Hitting: RHB Eduardo Morales 0-0: Intentional Walk
Batting: RHB Juan Jose Díaz 0-0: Foul Ball, location: 2F
0-1: Ball
1-1: Ball
2-1: Swinging Strike
2-2: Foul Ball, location: 2F
2-2: Fly out, F3 (Popup, 3S)
Pinch Hitting: LHB Jim Unknown 0-0: Ball
1-0: Ball
2-0: Called Strike
2-1: Ball
3-1: Base on Balls
Dave Davis scores
Tom McCain to third
Eduardo Morales to second
Batting: RHB José Masaferro 0-0: Called Strike
0-1: Swinging Strike
0-2: Ball
1-2: Ball
2-2: Ball
3-2: Base on Balls
Tom McCain scores
Eduardo Morales to third
Jim Unknown to second
Pitching: RHP Nick Taylor
Batting: RHB Pablo Lugo 0-0: Called Strike
0-1: Ball
1-1: Ball
2-1: SINGLE (Groundball, 6MD)
Eduardo Morales scores
Jim Unknown to third
José Masaferro to second
Runner from 3rd tries for Home, SAFE, no throw or cutoff
Batting: RHB Seth Varela 0-0: Foul Ball, location: 2F
0-1: Foul Ball, location: 2F
0-2: Foul Ball, location: 2F
0-2: Strikes out swinging
Bottom of the 8th over - 4 run(s), 2 hit(s), 1 error(s), 2 left on base; Seattle 1 - Portsmouth 7
TOP OF THE 9TH
Seattle Terns batting - Pitching for Portsmouth Coasties : RHP Xavier Andrade
Now at 3B: Jim McCormick
Now in LF: Jim Unknown
Batting: LHB Timmy Appeldoorn 0-0: Ball
1-0: SOLO HOME RUN (Flyball, 89XD), Distance : 406 ft
Batting: LHB Juan Hernández 0-0: Swinging Strike
0-1: Ball
1-1: Ball
2-1: Foul Ball, location: 2F
2-2: Foul Ball, location: 2F
2-2: Reached on error, E6 (Groundball, 6M)
Batting: RHB Hank Kenney 0-0: Ball
1-0: Called Strike
1-1: Foul Ball, location: 2F
1-2: Fly out, F4 (Line Drive, 4)
Batting: RHB Curt Pope 0-0: Ball
1-0: Foul Ball, location: 2F
1-1: Ball
2-1: Grounds into double play, 6-4-3 (Groundball, 6)
Top of the 9th over - 1 run(s), 1 hit(s), 1 error(s), 0 left on base; Seattle 2 - Portsmouth 7
This league is powered by Out of the Park Baseball, the baseball management simulation game for PC, Mac and Linux
Monday, May 4th, 2015 - OOTP Baseball 15.6 Build 34